Lightning vs Flames

Created - 10 novembre 2021 at 12:37

Goals
1 2 3 T
Lightning 0 2 2 4
Flames 1 2 0 3
Shots
1 2 3 T
Lightning 8 21 7 36
Flames 13 12 16 41

1st period

1. Flames , Alex Chiasson 2 (Nate Thompson 1) at 10:46

Penalties :
Ryan Dzingel (TAM) for Hooking (Minor) at 3:28

2nd period

2. Flames , Alex Chiasson 3 (Trevor Moore 2, Nick Bjugstad 2) at 0:55
3. Lightning , Teddy Blueger 5 (Ryan Dzingel 4) at 1:54
4. Lightning , Ryan Nugent-Hopkins 12 (Tyler Seguin 12) at 5:18 (PP)
5. Flames , Alex Chiasson 4 (Trevor Moore 3) at 17:46

Penalties :
Drew Doughty (CAL) for Roughing (Minor) at 5:15

3rd period

6. Lightning , Nick Foligno 6 (Jani Hakanpaa 5, Braden Holtby) at 1:44
7. Lightning , Jonathan Marchessault 7 (Nick Foligno 3) at 3:20

Penalties :
No Penalty

Goalie Stats

Braden Holtby (TAM), 38 saves from 41 shots - (0,927), W, 2-0-0, 60:00 minutes
Carey Price (CAL), 32 saves from 36 shots - (0,889), L, 1-4-0, 59:00 minutes

Players Stats for Lightning

Player Name              G  A  P  +/- PIM S  H  SB GA TA FO     MP     PP MP  PK MP  
------------------------------------------------------------------------------------
Alexander True           0  0  0   0  0   3  0  0  1  0  1/4     9:02   0:00   0:57 
Andrej Sekera            0  0  0   0  0   2  1  1  0  0  0/0    19:39   0:00   1:01 
Andrew Cogliano          0  0  0   0  0   0  1  0  0  1  0/0    16:43   0:00   0:13 
Brett Murray             0  0  0   0  0   0  1  0  0  0  0/1     8:05   0:00   0:00 
Cedric Paquette          0  0  0   0  0   0  1  2  0  0  0/0    12:21   0:00   0:00 
Chris Wagner             0  0  0   0  0   2  1  0  3  0  0/0    10:46   0:00   0:49 
Colin Miller             0  0  0  -1  0   3  3  1  0  1  0/0    22:49   0:00   0:00 
Jakob Silfverberg        0  0  0   0  0   2  3  0  0  1  0/0    19:51   0:00   0:00 
Jani Hakanpaa            0  1  1   1  0   1  2  1  0  1  0/0    18:41   0:03   1:01 
Jonathan Marchessault    1  0  1   0  0   5  1  0  2  0  0/0    16:33   0:03   0:00 
Michael Stone            0  0  0   1  0   1  0  1  0  0  0/0    15:41   0:03   0:00 
Nick Foligno             1  1  2   0  0   5  3  1  0  0  6/12   18:46   0:00   0:49 
Radko Gudas              0  0  0   0  0   0  2  0  0  0  0/0    18:12   0:00   0:58 
Ryan Dzingel             0  1  1   0  2   2  2  0  0  0  0/0    12:16   0:00   0:00 
Ryan Nugent-Hopkins      1  0  1   0  0   4  3  0  5  1  2/2    20:07   0:03   0:13 
T.J. Brodie              0  0  0  -1  0   1  1  1  0  1  0/0    24:17   0:00   0:58 
Teddy Blueger            1  0  1   0  0   3  1  0  0  0  6/14   14:17   0:00   0:57 
Tyler Seguin             0  1  1   0  0   2  2  0  1  1  12/29  19:54   0:03   0:00 

Players Stats for Flames

Player Name              G  A  P  +/- PIM S  H  SB GA TA FO     MP     PP MP  PK MP  
------------------------------------------------------------------------------------
Alex Chiasson            3  0  3   3  0   5  2  0  0  0  0/0     9:06   0:00   0:00 
Brandon Montour          0  0  0   0  0   2  1  3  0  3  0/0    19:35   0:54   0:00 
Danton Heinen            0  0  0  -2  0   0  2  0  0  0  0/0    15:31   0:00   0:00 
David Kampf              0  0  0   0  0   0  0  0  1  0  1/3    13:21   0:00   0:03 
David Krejci             0  0  0  -1  0   7  0  1  0  0  23/36  21:08   1:05   0:00 
Drew Doughty             0  0  0   1  2   2  1  0  0  1  0/0    25:02   1:05   0:00 
Erik Brannstrom          0  0  0  -1  0   0  0  0  0  0  0/0    16:14   0:54   0:00 
Jason Demers             0  0  0   0  0   0  2  0  1  1  0/0    18:43   0:00   0:03 
Nate Thompson            0  1  1   3  0   0  0  1  0  1  3/3     9:06   0:00   0:00 
Nick Bjugstad            0  1  1   0  0   4  1  0  0  0  0/0    14:12   0:54   0:00 
Pavel Zacha              0  0  0  -2  0   1  0  0  1  0  4/8    16:36   1:05   0:00 
Radim Simek              0  0  0  -1  0   1  0  2  0  0  0/0    15:19   0:00   0:00 
Ryan Donato              0  0  0   0  0   3  1  1  1  1  0/1    14:12   0:54   0:00 
Sam Reinhart             0  0  0  -1  0   11 1  1  1  2  3/6    21:08   1:05   0:00 
Tanner Jeannot           0  0  0  -1  0   2  3  0  1  0  0/3    20:57   0:54   0:00 
Trevor Moore             0  2  2   3  0   0  0  1  0  1  0/0     9:06   0:00   0:00 
Tyson Jost               0  0  0  -2  0   2  1  1  1  0  1/2    15:34   0:00   0:03 
Victor Hedman            0  0  0   1  0   1  3  1  0  2  0/0    25:06   1:05   0:03 

3 Stars

1 - Alex Chiasson (CAL)
2 - Nick Foligno (TAM)
3 - Trevor Moore (CAL)

Power Play

Lightning - 1 on 1 Attempt(s) - 100,00%
Flames - 0 on 1 Attempt(s) - 0,00%

Penalty Kill

Lightning - 1 on 1 Attempt(s) - 100,00% - Score 0 goal in Penalty Kill
Flames - 0 on 1 Attempt(s) - 0,00% - Score 0 goal in Penalty Kill

Team Stat

Lightning - Hits : 28 - Faceoff Wins : 27 - Blocked Shots : 8 - Penalty Minutes : 2
Flames - Hits : 18 - Faceoff Wins : 35 - Blocked Shots : 12 - Penalty Minutes : 2

Official

Referees : Pierre Lambert and Stephen Hiff
Linesman : Ryan Galloway and Jesse Marquis

Game Notes

Alex Chiasson has scored a Hat Trick!

Finance

Level 1 -- Attendance: 4832 (80,53%) -- Ticket Income 483 200 $
Level 2 -- Attendance: 4542 (90,84%) -- Ticket Income 272 520 $
Level 3 -- Attendance: 1861 (93,05%) -- Ticket Income 65 135 $
Level 4 -- Attendance: 3804 (95,10%) -- Ticket Income 76 080 $
Luxury Box -- Attendance: 758 (75,80%) -- Ticket Income 151 600 $
Game was played at the Ghost Rider Center.
Total Attendance: 15797 (87,76%)
Total Ticket Income: 1 048 535 $
Other Income: 513 782 $
Total Income: 1 562 317 $

Lightning

5 vs 5 Forward 
   Center                   Left Wing                Right Wing               Time % Phy DF OF 
 1 Tyler Seguin             Ryan Nugent-Hopkins      Jakob Silfverberg        40     1   2  2  
 2 Nick Foligno             Jonathan Marchessault    Andrew Cogliano          30     1   2  2  
 3 Teddy Blueger            Cedric Paquette          Ryan Dzingel             20     1   2  2  
 4 Alexander True           Brett Murray             Chris Wagner             10     1   2  2  

5 vs 5 Defense 
   Defense                  Defense                                           Time % Phy DF OF 
 1 T.J. Brodie              Colin Miller                                      43     1   2  2  
 2 Andrej Sekera            Radko Gudas                                       32     1   2  2  
 3 Jani Hakanpaa            Michael Stone                                     25     1   2  2  
 4 Jani Hakanpaa            Michael Stone                                     0      1   2  2  

PowerPlay Forward 
   Center                   Left Wing                Right Wing               Time % Phy DF OF 
 1 Ryan Nugent-Hopkins      Jonathan Marchessault    Tyler Seguin             60     1   2  2  
 2 Teddy Blueger            Nick Foligno             Ryan Dzingel             40     1   2  2  

PowerPlay Defense
   Defense                  Defense                                           Time % Phy DF OF 
 1 Jani Hakanpaa            Michael Stone                                     60     1   2  2  
 2 Andrej Sekera            Colin Miller                                      40     1   2  2  

Penalty Kill 4 Players Forward 
   Center                   Wing                     Time % Phy DF OF 
 1 Teddy Blueger            Alexander True           60     1   2  2  
 2 Nick Foligno             Chris Wagner             40     1   2  2  

Penalty Kill 4 Players Defense
   Defense                  Defense                  Time % Phy DF OF 
 1 Andrej Sekera            Jani Hakanpaa            60     1   2  2  
 2 T.J. Brodie              Radko Gudas              40     1   2  2  

Penalty Kill - 3 Players Forward 
   Forward                                           Time % Phy DF OF 
 1 Teddy Blueger                                     60     1   2  2  
 2 Chris Wagner                                      40     1   2  2  

Penalty Kill - 3 Players Defense
   Defense                  Defense                  Time % Phy DF OF 
 1 Andrej Sekera            Jani Hakanpaa            60     1   2  2  
 2 T.J. Brodie              Radko Gudas              40     1   2  2  

4 vs 4 Forward 
   Center                   Wing                     Time % Phy DF OF 
 1 Tyler Seguin             Jonathan Marchessault    60     1   2  2  
 2 Teddy Blueger            Ryan Nugent-Hopkins      40     1   2  2  

4 vs 4 Defense
   Defense                  Defense                  Time % Phy DF OF 
 1 Jani Hakanpaa            Michael Stone            60     1   2  2  
 2 Andrej Sekera            Colin Miller             40     1   2  2  

Last Minutes Offensive
   Center                   Left Wing                Right Wing               Defense                  Defense                  
   Ryan Nugent-Hopkins      Jonathan Marchessault    Tyler Seguin             Colin Miller             Andrej Sekera            

Last Minutes Defensive
   Center                   Left Wing                Right Wing               Defense                  Defense                  
   Teddy Blueger            Nick Foligno             Chris Wagner             Andrej Sekera            Jani Hakanpaa            

Goaltenders
Starting : Braden Holtby            
Backup : Matt Murray              

Extra Forwards
Normal : Andrew Cogliano, Ryan Dzingel, Chris Wagner - PP : Nick Foligno, Alexander True - PK : Andrew Cogliano
Extra Defensemen
Normal : Jani Hakanpaa, Colin Miller, Radko Gudas - PP : Jani Hakanpaa - PK : Colin Miller, Andrej Sekera
Penalty Shots
Jonathan Marchessault, Tyler Seguin, Ryan Dzingel, Andrew Cogliano, Ryan Nugent-Hopkins
Custom OT Lines Forwards
Ryan Nugent-Hopkins, Nick Foligno, Tyler Seguin, Jonathan Marchessault, Brett Murray, Teddy Blueger, Andrew Cogliano, Ryan Dzingel, Alexander True, Chris Wagner
Custom OT Lines Defensemen
Colin Miller, T.J. Brodie, Andrej Sekera, Radko Gudas, Jani Hakanpaa

Scratches
Nicolas Deslauriers (Healthy), Anton Khudobin (Healthy)

Flames

5 vs 5 Forward 
   Center                   Left Wing                Right Wing               Time % Phy DF OF 
 1 David Krejci             Tanner Jeannot           Sam Reinhart             37     0   1  4  
 2 Pavel Zacha              Danton Heinen            Tyson Jost               30     0   2  3  
 3 David Kampf              Ryan Donato              Nick Bjugstad            21     1   2  2  
 4 Nate Thompson            Trevor Moore             Alex Chiasson            12     1   3  1  

5 vs 5 Defense 
   Defense                  Defense                                           Time % Phy DF OF 
 1 Drew Doughty             Victor Hedman                                     38     0   3  2  
 2 Jason Demers             Brandon Montour                                   32     0   3  2  
 3 Radim Simek              Erik Brannstrom                                   26     1   3  1  
 4 Drew Doughty             Victor Hedman                                     4      0   2  3  

PowerPlay Forward 
   Center                   Left Wing                Right Wing               Time % Phy DF OF 
 1 David Krejci             Pavel Zacha              Sam Reinhart             60     0   0  5  
 2 Ryan Donato              Tanner Jeannot           Nick Bjugstad            40     0   1  4  

PowerPlay Defense
   Defense                  Defense                                           Time % Phy DF OF 
 1 Drew Doughty             Victor Hedman                                     65     0   1  4  
 2 Brandon Montour          Erik Brannstrom                                   35     0   1  4  

Penalty Kill 4 Players Forward 
   Center                   Wing                     Time % Phy DF OF 
 1 David Kampf              Tyson Jost               60     1   4  0  
 2 Pavel Zacha              Danton Heinen            40     0   4  1  

Penalty Kill 4 Players Defense
   Defense                  Defense                  Time % Phy DF OF 
 1 Jason Demers             Victor Hedman            60     1   4  0  
 2 Radim Simek              Drew Doughty             40     1   4  0  

Penalty Kill - 3 Players Forward 
   Forward                                           Time % Phy DF OF 
 1 David Kampf                                       60     0   5  0  
 2 Pavel Zacha                                       40     0   5  0  

Penalty Kill - 3 Players Defense
   Defense                  Defense                  Time % Phy DF OF 
 1 Drew Doughty             Jason Demers             60     0   5  0  
 2 Radim Simek              Victor Hedman            40     0   5  0  

4 vs 4 Forward 
   Center                   Wing                     Time % Phy DF OF 
 1 David Krejci             Sam Reinhart             60     0   2  3  
 2 Pavel Zacha              Ryan Donato              40     0   2  3  

4 vs 4 Defense
   Defense                  Defense                  Time % Phy DF OF 
 1 Brandon Montour          Victor Hedman            60     0   2  3  
 2 Erik Brannstrom          Drew Doughty             40     0   3  2  

Last Minutes Offensive
   Center                   Left Wing                Right Wing               Defense                  Defense                  
   David Krejci             Tanner Jeannot           Sam Reinhart             Drew Doughty             Victor Hedman            

Last Minutes Defensive
   Center                   Left Wing                Right Wing               Defense                  Defense                  
   David Kampf              Pavel Zacha              Tyson Jost               Jason Demers             Drew Doughty             

Goaltenders
Starting : Carey Price              
Backup : Keith Kinkaid            

Extra Forwards
Normal : Sam Reinhart, Pavel Zacha, David Krejci - PP : Sam Reinhart, Ryan Donato - PK : Danton Heinen
Extra Defensemen
Normal : Victor Hedman, Drew Doughty, Brandon Montour - PP : Victor Hedman - PK : Erik Brannstrom, Brandon Montour
Penalty Shots
Sam Reinhart, David Kampf, Ryan Donato, Pavel Zacha, Victor Hedman
Custom OT Lines Forwards
Sam Reinhart, David Krejci, Pavel Zacha, Tyson Jost, Ryan Donato, Tanner Jeannot, Danton Heinen, Alex Chiasson, Trevor Moore, David Kampf
Custom OT Lines Defensemen
Drew Doughty, Victor Hedman, Brandon Montour, Erik Brannstrom, Jason Demers

Scratches
Jan Rutta (Healthy), Anders Lee (Sore Right Knee Injury), Dustin Tokarski (Healthy)

% Time on Ice - Lightning

Lines # - Real PCT - Wanted PCT - Time Play
Normal Forward
1 - 35% - 40% - 19:51
2 - 29% - 30% - 16:42
3 - 21% - 20% - 12:05
4 - 14% - 10% - 8:05
Normal Defense
1 - 40% - 43% - 22:49
2 - 32% - 32% - 18:16
3 - 26% - 25% - 14:29
4 - 2% - 0% - 1:09
PP Forward
1 - 100% - 60% - 0:03
2 - 0% - 40% - 0:00
PP Defense
1 - 100% - 60% - 0:03
2 - 0% - 40% - 0:00
PK Forward
1 - 59% - 60% - 1:10
2 - 41% - 40% - 0:49
PK Defense
1 - 51% - 60% - 1:01
2 - 49% - 40% - 0:58
PK3 Forward
1 - 0% - 60%
2 - 0% - 40%
PK3 Defense
1 - 0% - 60%
2 - 0% - 40%
44 Forward
1 - 0% - 60%
2 - 0% - 40%
44 Defense
1 - 0% - 60%
2 - 0% - 40%
Last Minute Offensive  - 0:00
Last Minute Defensive  - 1:15
Total
Forward - 60:00
Defense - 60:00

% Time on Ice - Flames

Lines # - Real PCT - Wanted PCT - Time Play
Normal Forward
1 - 33% - 37% - 18:48
2 - 27% - 30% - 15:31
3 - 23% - 21% - 13:18
4 - 16% - 12% - 9:06
Normal Defense
1 - 37% - 38% - 21:08
2 - 33% - 32% - 18:41
3 - 27% - 26% - 15:19
4 - 3% - 4% - 1:35
PP Forward
1 - 55% - 60% - 1:05
2 - 45% - 40% - 0:54
PP Defense
1 - 55% - 65% - 1:05
2 - 45% - 35% - 0:54
PK Forward
1 - 100% - 60% - 0:03
2 - 0% - 40% - 0:00
PK Defense
1 - 100% - 60% - 0:03
2 - 0% - 40% - 0:00
PK3 Forward
1 - 0% - 60%
2 - 0% - 40%
PK3 Defense
1 - 0% - 60%
2 - 0% - 40%
44 Forward
1 - 0% - 60%
2 - 0% - 40%
44 Defense
1 - 0% - 60%
2 - 0% - 40%
Last Minute Offensive  - 1:15
Last Minute Defensive  - 0:00
Total
Forward - 60:00
Defense - 60:00

Play-by-Play

1st period


0:01 of 1st period - David Krejci wins face-off versus Tyler Seguin in neutral zone.
0:04 of 1st period - Wrist shot by Sam Reinhart.
0:04 of 1st period - Stopped by Braden Holtby with a rebound.
0:06 of 1st period - Slapshot by Drew Doughty.
0:06 of 1st period - Stopped by Braden Holtby with a rebound.
0:08 of 1st period - Backhand shot by David Krejci.
0:08 of 1st period - Shot Blocked by T.J. Brodie.
0:12 of 1st period - Snap shot by David Krejci.
0:12 of 1st period - Shot Misses the Net.
0:28 of 1st period - Drew Doughty is hit by Jonathan Marchessault and loses puck.
0:37 of 1st period - Slapshot by Jonathan Marchessault.
0:37 of 1st period - Stopped by Carey Price with a rebound.
1:09 of 1st period - Alexander True is hit by Alex Chiasson and loses puck.
1:16 of 1st period - Slapshot by Alex Chiasson.
1:16 of 1st period - Deflect By Nate Thompson.
1:16 of 1st period - Shot Misses the Net.
1:16 of 1st period - Puck is out of play.
1:17 of 1st period - Tyler Seguin wins face-off versus Tanner Jeannot in Lightning zone.
1:31 of 1st period - Slapshot by Tyler Seguin.
1:31 of 1st period - Shot Blocked by Radim Simek.
1:33 of 1st period - Slapshot by Michael Stone.
1:33 of 1st period - Stopped by Carey Price with a rebound.
2:03 of 1st period - Slapshot by Alex Chiasson.
2:03 of 1st period - Stopped by Braden Holtby with a rebound.
2:32 of 1st period - Snap shot by Tyler Seguin.
2:32 of 1st period - Deflect By Ryan Nugent-Hopkins.
2:32 of 1st period - Stopped by Carey Price without a rebound.
2:33 of 1st period - Nick Foligno wins face-off versus Sam Reinhart in Flames zone.
2:58 of 1st period - T.J. Brodie is hit by Drew Doughty and loses puck.
3:28 of 1st period - Minor Penalty to Ryan Dzingel for Hooking.
3:29 of 1st period - Sam Reinhart wins face-off versus Teddy Blueger in Lightning zone.
3:37 of 1st period - Snap shot by Sam Reinhart.
3:37 of 1st period - Stopped by Braden Holtby with a rebound.
5:28 of 1st period - Penalty to Ryan Dzingel is over, Ryan Dzingel is back on ice.
5:39 of 1st period - Slapshot by Nick Foligno.
5:39 of 1st period - Deflect By Ryan Dzingel.
5:39 of 1st period - Shot Blocked by Nate Thompson.
5:39 of 1st period - Puck is out of play.
5:40 of 1st period - Nate Thompson wins face-off versus Tyler Seguin in Flames zone.
6:30 of 1st period - Snap shot by Ryan Nugent-Hopkins.
6:30 of 1st period - Shot Misses the Net.
6:32 of 1st period - Snap shot by Jakob Silfverberg.
6:32 of 1st period - Shot Blocked by Brandon Montour.
6:38 of 1st period - Snap shot by Tyler Seguin.
6:38 of 1st period - Shot Misses the Net.
6:40 of 1st period - Wrist shot by Jakob Silfverberg.
6:40 of 1st period - Stopped by Carey Price without a rebound.
6:41 of 1st period - Nick Foligno wins face-off versus Sam Reinhart in Flames zone.
6:52 of 1st period - Snap shot by Jonathan Marchessault.
6:52 of 1st period - Deflect By Nick Foligno.
6:52 of 1st period - Shot Misses the Net.
6:52 of 1st period - Puck is out of play.
6:53 of 1st period - Nick Foligno wins face-off versus David Krejci in Flames zone.
7:00 of 1st period - Nick Foligno is hit by Tanner Jeannot and loses puck.
8:06 of 1st period - Brandon Montour is hit by Radko Gudas and loses puck.
8:19 of 1st period - Drew Doughty is hit by Andrew Cogliano and loses puck.
8:24 of 1st period - Snap shot by Jonathan Marchessault.
8:24 of 1st period - Shot Blocked by David Krejci.
8:26 of 1st period - Slapshot by Michael Stone.
8:26 of 1st period - Shot Misses the Net.
8:28 of 1st period - Slapshot by Jani Hakanpaa.
8:28 of 1st period - Stopped by Carey Price without a rebound.
8:29 of 1st period - Teddy Blueger wins face-off versus Pavel Zacha in Flames zone.
10:41 of 1st period - Tyler Seguin is hit by Alex Chiasson and loses puck.
10:46 of 1st period - Snap shot by Alex Chiasson.
10:46 of 1st period - Goal by Alex Chiasson - Lightning : 0 - Flames : 1.
10:47 of 1st period - Tyler Seguin wins face-off versus David Krejci in neutral zone.
11:22 of 1st period - Wrist shot by Pavel Zacha.
11:22 of 1st period - Shot Blocked by Colin Miller.
11:36 of 1st period - Ryan Donato is hit by Teddy Blueger and loses puck.
11:41 of 1st period - Snap shot by Ryan Dzingel.
11:41 of 1st period - Shot Misses the Net.
12:15 of 1st period - Andrej Sekera is hit by Tanner Jeannot and loses puck.
12:58 of 1st period - Snap shot by Ryan Donato.
12:58 of 1st period - Stopped by Braden Holtby with a rebound.
13:00 of 1st period - Slapshot by Brandon Montour.
13:00 of 1st period - Shot Blocked by Cedric Paquette.
13:02 of 1st period - Slapshot by Brandon Montour.
13:02 of 1st period - Stopped by Braden Holtby with a rebound.
13:14 of 1st period - Wrist shot by David Krejci.
13:14 of 1st period - Shot Blocked by Michael Stone.
13:16 of 1st period - Snap shot by Tanner Jeannot.
13:16 of 1st period - Stopped by Braden Holtby without a rebound.
13:17 of 1st period - David Krejci wins face-off versus Alexander True in Lightning zone.
13:51 of 1st period - Wrist shot by Ryan Nugent-Hopkins.
13:51 of 1st period - Shot Misses the Net.
14:25 of 1st period - Cedric Paquette is hit by Jason Demers and loses puck.
14:54 of 1st period - Snap shot by David Krejci.
14:54 of 1st period - Stopped by Braden Holtby without a rebound.
14:55 of 1st period - David Krejci wins face-off versus Nick Foligno in Lightning zone.
15:06 of 1st period - Snap shot by Sam Reinhart.
15:06 of 1st period - Deflect By Colin Miller.
15:06 of 1st period - Stopped by Braden Holtby without a rebound.
15:07 of 1st period - Tyler Seguin wins face-off versus David Krejci in Lightning zone.
15:11 of 1st period - Off-side.
15:12 of 1st period - David Krejci wins face-off versus Tyler Seguin in neutral zone.
15:59 of 1st period - Brandon Montour is hit by Radko Gudas and loses puck.
16:04 of 1st period - Snap shot by Ryan Dzingel.
16:04 of 1st period - Shot Misses the Net.
16:06 of 1st period - Slapshot by Andrej Sekera.
16:06 of 1st period - Shot Blocked by Brandon Montour.
16:08 of 1st period - Slapshot by Andrej Sekera.
16:08 of 1st period - Stopped by Carey Price without a rebound.
16:09 of 1st period - Sam Reinhart wins face-off versus Tyler Seguin in Flames zone.
16:39 of 1st period - Snap shot by Jonathan Marchessault.
16:39 of 1st period - Shot Blocked by Radim Simek.
16:41 of 1st period - Snap shot by Nick Foligno.
16:41 of 1st period - Stopped by Carey Price with a rebound.
17:22 of 1st period - Wrist shot by Alexander True.
17:22 of 1st period - Shot Misses the Net.
17:24 of 1st period - Snap shot by Alexander True.
17:24 of 1st period - Stopped by Carey Price without a rebound.
17:25 of 1st period - Tyler Seguin wins face-off versus David Krejci in Flames zone.
17:52 of 1st period - Brandon Montour is hit by Cedric Paquette.
17:53 of 1st period - Icing by Brandon Montour.
17:54 of 1st period - Pavel Zacha wins face-off versus Teddy Blueger in Flames zone.
19:00 of 1st period - Slapshot by Victor Hedman.
19:00 of 1st period - Shot Misses the Net.
19:02 of 1st period - Slapshot by Nick Bjugstad.
19:02 of 1st period - Stopped by Braden Holtby with a rebound.
19:06 of 1st period - Snap shot by Nick Bjugstad.
19:06 of 1st period - Stopped by Braden Holtby without a rebound.
19:07 of 1st period - David Krejci wins face-off versus Tyler Seguin in Lightning zone.
19:12 of 1st period - Wrist shot by David Krejci.
19:12 of 1st period - Stopped by Braden Holtby with a rebound.
Goals for this period are 0 for Lightning vs 1 for Flames.
Shots for this period are 8 for Lightning vs 13 for Flames.

2nd period


0:01 of 2nd period - Tyler Seguin wins face-off versus David Krejci in neutral zone.
0:55 of 2nd period - Slapshot by Alex Chiasson.
0:55 of 2nd period - Goal by Alex Chiasson - Lightning : 0 - Flames : 2.
0:56 of 2nd period - Tyler Seguin wins face-off versus Tanner Jeannot in neutral zone.
1:13 of 2nd period - Drew Doughty is hit by Colin Miller and loses puck.
1:48 of 2nd period - Snap shot by Ryan Donato.
1:48 of 2nd period - Stopped by Braden Holtby without a rebound.
1:49 of 2nd period - Teddy Blueger wins face-off versus Tanner Jeannot in Lightning zone.
1:54 of 2nd period - Slapshot by Teddy Blueger.
1:54 of 2nd period - Goal by Teddy Blueger - Lightning : 1 - Flames : 2.
1:55 of 2nd period - Tyler Seguin wins face-off versus David Krejci in neutral zone.
1:58 of 2nd period - Wrist shot by Ryan Nugent-Hopkins.
1:58 of 2nd period - Stopped by Carey Price without a rebound.
1:59 of 2nd period - Tyler Seguin wins face-off versus David Krejci in Flames zone.
2:08 of 2nd period - Snap shot by Tyler Seguin.
2:08 of 2nd period - Deflect By Ryan Nugent-Hopkins.
2:08 of 2nd period - Shot Misses the Net.
2:08 of 2nd period - Puck is out of play.
2:09 of 2nd period - David Krejci wins face-off versus Tyler Seguin in Flames zone.
2:16 of 2nd period - Wrist shot by David Krejci.
2:16 of 2nd period - Shot Misses the Net.
2:20 of 2nd period - Wrist shot by David Krejci.
2:20 of 2nd period - Stopped by Braden Holtby with a rebound.
2:22 of 2nd period - Slapshot by Drew Doughty.
2:22 of 2nd period - Deflect By Sam Reinhart.
2:22 of 2nd period - Stopped by Braden Holtby with a rebound.
2:24 of 2nd period - Slapshot by Drew Doughty.
2:24 of 2nd period - Shot Misses the Net.
2:38 of 2nd period - Snap shot by Pavel Zacha.
2:38 of 2nd period - Stopped by Braden Holtby with a rebound.
3:05 of 2nd period - Wrist shot by Nick Bjugstad.
3:05 of 2nd period - Deflect By Ryan Dzingel.
3:05 of 2nd period - Shot Misses the Net.
3:05 of 2nd period - Puck is out of play.
3:06 of 2nd period - Sam Reinhart wins face-off versus Tyler Seguin in Lightning zone.
3:13 of 2nd period - Snap shot by David Krejci.
3:13 of 2nd period - Shot Misses the Net.
3:35 of 2nd period - Slapshot by Nick Foligno.
3:35 of 2nd period - Stopped by Carey Price with a rebound.
3:57 of 2nd period - Slapshot by Chris Wagner.
3:57 of 2nd period - Stopped by Carey Price with a rebound.
4:44 of 2nd period - Wrist shot by Tanner Jeannot.
4:44 of 2nd period - Stopped by Braden Holtby without a rebound.
4:45 of 2nd period - Nick Foligno wins face-off versus Tyson Jost in Lightning zone.
4:51 of 2nd period - Icing by Radko Gudas.
4:52 of 2nd period - Pavel Zacha wins face-off versus Nick Foligno in Lightning zone.
4:53 of 2nd period - Slapshot by Tyson Jost.
4:53 of 2nd period - Shot Blocked by Nick Foligno.
5:02 of 2nd period - Off-side.
5:03 of 2nd period - Tyler Seguin wins face-off versus Pavel Zacha in neutral zone.
5:10 of 2nd period - Wrist shot by Tyler Seguin.
5:10 of 2nd period - Shot Misses the Net.
5:12 of 2nd period - Slapshot by T.J. Brodie.
5:12 of 2nd period - Stopped by Carey Price without a rebound.
5:13 of 2nd period - Tyson Jost wins face-off versus Tyler Seguin in Flames zone.
5:15 of 2nd period - Minor Penalty to Drew Doughty for Roughing.
5:16 of 2nd period - Ryan Nugent-Hopkins wins face-off versus David Kampf in Flames zone.
5:18 of 2nd period - Snap shot by Ryan Nugent-Hopkins.
5:18 of 2nd period - Goal by Ryan Nugent-Hopkins - Lightning : 2 - Flames : 2.
5:19 of 2nd period - David Krejci wins face-off versus Tyler Seguin in neutral zone.
5:29 of 2nd period - Slapshot by David Krejci.
5:29 of 2nd period - Stopped by Braden Holtby without a rebound.
5:30 of 2nd period - David Krejci wins face-off versus Tyler Seguin in Lightning zone.
5:39 of 2nd period - Slapshot by Ryan Nugent-Hopkins.
5:39 of 2nd period - Deflect By Jakob Silfverberg.
5:39 of 2nd period - Shot Misses the Net.
5:39 of 2nd period - Puck is out of play.
5:40 of 2nd period - Ryan Nugent-Hopkins wins face-off versus Sam Reinhart in Flames zone.
6:37 of 2nd period - Wrist shot by Ryan Nugent-Hopkins.
6:37 of 2nd period - Shot Blocked by Sam Reinhart.
6:43 of 2nd period - Snap shot by Jakob Silfverberg.
6:43 of 2nd period - Deflect By Drew Doughty.
6:43 of 2nd period - Shot Misses the Net.
6:43 of 2nd period - Puck is out of play.
6:44 of 2nd period - Pavel Zacha wins face-off versus Nick Foligno in Flames zone.
6:51 of 2nd period - Snap shot by Jonathan Marchessault.
6:51 of 2nd period - Shot Misses the Net.
6:53 of 2nd period - Wrist shot by Jonathan Marchessault.
6:53 of 2nd period - Shot Blocked by Brandon Montour.
7:19 of 2nd period - Wrist shot by Teddy Blueger.
7:19 of 2nd period - Stopped by Carey Price with a rebound.
7:33 of 2nd period - Snap shot by Alex Chiasson.
7:33 of 2nd period - Stopped by Braden Holtby with a rebound.
7:49 of 2nd period - Tyson Jost is hit by Nick Foligno and loses puck.
7:56 of 2nd period - Snap shot by Nick Foligno.
7:56 of 2nd period - Stopped by Carey Price with a rebound.
8:32 of 2nd period - Pavel Zacha is hit by Tyler Seguin and loses puck.
8:43 of 2nd period - Slapshot by Chris Wagner.
8:43 of 2nd period - Stopped by Carey Price with a rebound.
8:45 of 2nd period - Slapshot by T.J. Brodie.
8:45 of 2nd period - Shot Misses the Net.
8:47 of 2nd period - Snap shot by Alexander True.
8:47 of 2nd period - Stopped by Carey Price without a rebound.
8:48 of 2nd period - David Krejci wins face-off versus Brett Murray in Flames zone.
8:52 of 2nd period - Victor Hedman is hit by T.J. Brodie.
9:14 of 2nd period - Jakob Silfverberg is hit by Nick Bjugstad.
9:20 of 2nd period - Snap shot by Ryan Nugent-Hopkins.
9:20 of 2nd period - Stopped by Carey Price with a rebound.
9:32 of 2nd period - Slapshot by Nick Foligno.
9:32 of 2nd period - Stopped by Carey Price with a rebound.
10:14 of 2nd period - Ryan Donato is hit by Brett Murray and loses puck.
10:31 of 2nd period - Snap shot by Tyler Seguin.
10:31 of 2nd period - Stopped by Carey Price with a rebound.
10:33 of 2nd period - Slapshot by Jani Hakanpaa.
10:33 of 2nd period - Shot Blocked by Trevor Moore.
10:49 of 2nd period - Slapshot by Brandon Montour.
10:49 of 2nd period - Stopped by Braden Holtby with a rebound.
10:59 of 2nd period - Snap shot by Jonathan Marchessault.
10:59 of 2nd period - Stopped by Carey Price with a rebound.
11:27 of 2nd period - Snap shot by Teddy Blueger.
11:27 of 2nd period - Stopped by Carey Price without a rebound.
11:28 of 2nd period - Teddy Blueger wins face-off versus David Kampf in Flames zone.
11:41 of 2nd period - Slapshot by Nick Bjugstad.
11:41 of 2nd period - Stopped by Braden Holtby with a rebound.
12:29 of 2nd period - Ryan Nugent-Hopkins is hit by Ryan Donato.
12:39 of 2nd period - Slapshot by Tyler Seguin.
12:39 of 2nd period - Shot Misses the Net.
12:41 of 2nd period - Slapshot by Radko Gudas.
12:41 of 2nd period - Shot Blocked by Ryan Donato.
12:43 of 2nd period - Wrist shot by Ryan Nugent-Hopkins.
12:43 of 2nd period - Shot Misses the Net.
12:45 of 2nd period - Snap shot by Jakob Silfverberg.
12:45 of 2nd period - Stopped by Carey Price with a rebound.
12:47 of 2nd period - Slapshot by Andrej Sekera.
12:47 of 2nd period - Stopped by Carey Price with a rebound.
13:01 of 2nd period - Snap shot by Nick Bjugstad.
13:01 of 2nd period - Shot Misses the Net.
13:06 of 2nd period - Off-side.
13:07 of 2nd period - Nick Foligno wins face-off versus Pavel Zacha in neutral zone.
13:34 of 2nd period - Victor Hedman is hit by Ryan Dzingel and loses puck.
13:48 of 2nd period - Icing by T.J. Brodie.
13:49 of 2nd period - Nate Thompson wins face-off versus Alexander True in Lightning zone.
14:22 of 2nd period - Snap shot by Jonathan Marchessault.
14:22 of 2nd period - Stopped by Carey Price without a rebound.
14:23 of 2nd period - David Krejci wins face-off versus Tyler Seguin in Flames zone.
14:23 of 2nd period - David Krejci is hit by Jakob Silfverberg.
14:49 of 2nd period - Michael Stone is hit by Victor Hedman and loses puck.
14:57 of 2nd period - Victor Hedman is hit by Nick Foligno.
15:16 of 2nd period - Icing by Nate Thompson.
15:17 of 2nd period - Nate Thompson wins face-off versus Teddy Blueger in Flames zone.
15:17 of 2nd period - Nate Thompson is hit by Ryan Dzingel.
15:27 of 2nd period - Trevor Moore is hit by Colin Miller and loses puck.
16:15 of 2nd period - Backhand shot by Tyler Seguin.
16:15 of 2nd period - Shot Misses the Net.
16:45 of 2nd period - Wrist shot by Jonathan Marchessault.
16:45 of 2nd period - Shot Misses the Net.
16:47 of 2nd period - Slapshot by Colin Miller.
16:47 of 2nd period - Stopped by Carey Price with a rebound.
16:57 of 2nd period - Slapshot by Ryan Dzingel.
16:57 of 2nd period - Stopped by Carey Price with a rebound.
16:59 of 2nd period - Wrist shot by Radko Gudas.
16:59 of 2nd period - Shot Blocked by Victor Hedman.
17:01 of 2nd period - Wrist shot by Ryan Dzingel.
17:01 of 2nd period - Shot Misses the Net.
17:46 of 2nd period - Wrist shot by Alex Chiasson.
17:46 of 2nd period - Goal by Alex Chiasson - Lightning : 2 - Flames : 3.
17:47 of 2nd period - Tyler Seguin wins face-off versus David Krejci in neutral zone.
17:52 of 2nd period - Snap shot by Tyler Seguin.
17:52 of 2nd period - Stopped by Carey Price without a rebound.
17:53 of 2nd period - David Krejci wins face-off versus Tyler Seguin in Flames zone.
18:04 of 2nd period - Brandon Montour is hit by Ryan Nugent-Hopkins.
18:08 of 2nd period - Jason Demers is hit by Ryan Nugent-Hopkins and loses puck.
18:16 of 2nd period - Icing by Brandon Montour.
18:17 of 2nd period - David Krejci wins face-off versus Nick Foligno in Flames zone.
18:47 of 2nd period - Wrist shot by Ryan Donato.
18:47 of 2nd period - Stopped by Braden Holtby with a rebound.
Goals for this period are 2 for Lightning vs 2 for Flames.
Shots for this period are 21 for Lightning vs 12 for Flames.

3rd period


0:01 of 3rd period - Tyler Seguin wins face-off versus David Krejci in neutral zone.
0:50 of 3rd period - Wrist shot by Nick Bjugstad.
0:50 of 3rd period - Stopped by Braden Holtby without a rebound.
0:51 of 3rd period - Tyler Seguin wins face-off versus Ryan Donato in Lightning zone.
1:17 of 3rd period - Icing by Michael Stone.
1:18 of 3rd period - Nick Foligno wins face-off versus David Krejci in Lightning zone.
1:44 of 3rd period - Slapshot by Nick Foligno.
1:44 of 3rd period - Goal by Nick Foligno - Lightning : 3 - Flames : 3.
1:45 of 3rd period - David Krejci wins face-off versus Tyler Seguin in neutral zone.
2:17 of 3rd period - Snap shot by Jonathan Marchessault.
2:17 of 3rd period - Stopped by Carey Price with a rebound.
2:19 of 3rd period - Slapshot by Colin Miller.
2:19 of 3rd period - Stopped by Carey Price with a rebound.
2:21 of 3rd period - Slapshot by Jonathan Marchessault.
2:21 of 3rd period - Shot Blocked by Tyson Jost.
2:23 of 3rd period - Snap shot by Colin Miller.
2:23 of 3rd period - Stopped by Carey Price without a rebound.
2:24 of 3rd period - David Kampf wins face-off versus Teddy Blueger in Flames zone.
3:20 of 3rd period - Slapshot by Jonathan Marchessault.
3:20 of 3rd period - Goal by Jonathan Marchessault - Lightning : 4 - Flames : 3.
3:21 of 3rd period - David Krejci wins face-off versus Tyler Seguin in neutral zone.
3:32 of 3rd period - Slapshot by Sam Reinhart.
3:32 of 3rd period - Stopped by Braden Holtby with a rebound.
3:34 of 3rd period - Wrist shot by Tanner Jeannot.
3:34 of 3rd period - Shot Misses the Net.
3:36 of 3rd period - Wrist shot by Sam Reinhart.
3:36 of 3rd period - Shot Misses the Net.
3:51 of 3rd period - Jonathan Marchessault is hit by Danton Heinen and loses puck.
4:14 of 3rd period - Off-side.
4:15 of 3rd period - David Krejci wins face-off versus Tyler Seguin in neutral zone.
4:20 of 3rd period - Snap shot by David Krejci.
4:20 of 3rd period - Stopped by Braden Holtby with a rebound.
4:39 of 3rd period - Off-side.
4:40 of 3rd period - Pavel Zacha wins face-off versus Nick Foligno in neutral zone.
4:58 of 3rd period - Icing by Colin Miller.
4:59 of 3rd period - David Krejci wins face-off versus Nick Foligno in Lightning zone.
5:24 of 3rd period - T.J. Brodie is hit by Victor Hedman and loses puck.
6:13 of 3rd period - Alex Chiasson is hit by Chris Wagner and loses puck.
6:18 of 3rd period - Wrist shot by Alexander True.
6:18 of 3rd period - Shot Misses the Net.
6:20 of 3rd period - Snap shot by Alexander True.
6:20 of 3rd period - Stopped by Carey Price with a rebound.
6:22 of 3rd period - Slapshot by Chris Wagner.
6:22 of 3rd period - Shot Misses the Net.
6:29 of 3rd period - Icing by Jason Demers.
6:30 of 3rd period - Teddy Blueger wins face-off versus David Krejci in Flames zone.
6:31 of 3rd period - Wrist shot by Ryan Dzingel.
6:31 of 3rd period - Stopped by Carey Price with a rebound.
7:17 of 3rd period - Slapshot by Cedric Paquette.
7:17 of 3rd period - Shot Misses the Net.
7:39 of 3rd period - Trevor Moore is hit by Nick Foligno and loses puck.
7:58 of 3rd period - Brett Murray is hit by Sam Reinhart and loses puck.
8:17 of 3rd period - Alexander True is hit by Danton Heinen and loses puck.
8:44 of 3rd period - Nick Bjugstad is hit by Jakob Silfverberg and loses puck.
9:49 of 3rd period - Radim Simek is hit by Jakob Silfverberg and loses puck.
9:56 of 3rd period - Brandon Montour is hit by Ryan Nugent-Hopkins and loses puck.
10:38 of 3rd period - Andrej Sekera is hit by Jason Demers and loses puck.
10:55 of 3rd period - Radko Gudas is hit by Victor Hedman and loses puck.
11:24 of 3rd period - Trevor Moore is hit by Jani Hakanpaa.
11:28 of 3rd period - Radim Simek is hit by Jani Hakanpaa and loses puck.
11:35 of 3rd period - Wrist shot by Ryan Nugent-Hopkins.
11:35 of 3rd period - Shot Misses the Net.
11:51 of 3rd period - Pavel Zacha is hit by Colin Miller and loses puck.
12:10 of 3rd period - Snap shot by Sam Reinhart.
12:10 of 3rd period - Stopped by Braden Holtby with a rebound.
12:22 of 3rd period - Cedric Paquette is hit by Tanner Jeannot and loses puck.
13:18 of 3rd period - Jani Hakanpaa is hit by Tyson Jost and loses puck.
14:02 of 3rd period - Off-side.
14:03 of 3rd period - David Krejci wins face-off versus Tyler Seguin in neutral zone.
14:10 of 3rd period - Slapshot by Sam Reinhart.
14:10 of 3rd period - Shot Misses the Net.
14:18 of 3rd period - Backhand shot by David Krejci.
14:18 of 3rd period - Shot Misses the Net.
14:32 of 3rd period - Slapshot by Victor Hedman.
14:32 of 3rd period - Stopped by Braden Holtby with a rebound.
14:34 of 3rd period - Snap shot by Tyson Jost.
14:34 of 3rd period - Stopped by Braden Holtby without a rebound.
14:35 of 3rd period - Teddy Blueger wins face-off versus Pavel Zacha in Lightning zone.
15:26 of 3rd period - Nick Bjugstad is hit by Andrej Sekera and loses puck.
16:05 of 3rd period - Wrist shot by Tyson Jost.
16:05 of 3rd period - Stopped by Braden Holtby with a rebound.
16:07 of 3rd period - Slapshot by Danton Heinen.
16:07 of 3rd period - Shot Blocked by Cedric Paquette.
16:09 of 3rd period - Snap shot by Tyson Jost.
16:09 of 3rd period - Deflect By Pavel Zacha.
16:09 of 3rd period - Shot Misses the Net.
16:09 of 3rd period - Puck is out of play.
16:10 of 3rd period - David Krejci wins face-off versus Tyler Seguin in Lightning zone.
16:19 of 3rd period - Backhand shot by David Krejci.
16:19 of 3rd period - Shot Blocked by Jani Hakanpaa.
16:39 of 3rd period - Backhand shot by Drew Doughty.
16:39 of 3rd period - Stopped by Braden Holtby with a rebound.
17:15 of 3rd period - Tanner Jeannot is hit by Tyler Seguin and loses puck.
17:26 of 3rd period - Wrist shot by David Krejci.
17:26 of 3rd period - Shot Misses the Net.
17:28 of 3rd period - Slapshot by Radim Simek.
17:28 of 3rd period - Stopped by Braden Holtby with a rebound.
17:38 of 3rd period - Teddy Blueger is hit by Brandon Montour and loses puck.
18:12 of 3rd period - Off-side.
18:13 of 3rd period - David Krejci wins face-off versus Alexander True in neutral zone.
18:15 of 3rd period - Off-side.
18:16 of 3rd period - Alexander True wins face-off versus David Krejci in neutral zone.
18:29 of 3rd period - Backhand shot by Drew Doughty.
18:29 of 3rd period - Shot Misses the Net.
18:44 of 3rd period - Snap shot by David Krejci.
18:44 of 3rd period - Stopped by Braden Holtby without a rebound.
18:45 of 3rd period - Mike Sullivan call a timeout for Flames.
18:45 of 3rd period - David Krejci wins face-off versus Teddy Blueger in Lightning zone.
18:54 of 3rd period - Slapshot by Sam Reinhart.
18:54 of 3rd period - Stopped by Braden Holtby with a rebound.
19:00 of 3rd period - Flames, Carey Price is pulled from the net.
19:02 of 3rd period - Snap shot by Sam Reinhart.
19:02 of 3rd period - Stopped by Braden Holtby without a rebound.
19:03 of 3rd period - David Krejci wins face-off versus Teddy Blueger in Lightning zone.
19:06 of 3rd period - Slapshot by David Krejci.
19:06 of 3rd period - Stopped by Braden Holtby without a rebound.
19:07 of 3rd period - Teddy Blueger wins face-off versus David Krejci in Lightning zone.
19:18 of 3rd period - Slapshot by David Krejci.
19:18 of 3rd period - Shot Misses the Net.
19:20 of 3rd period - Slapshot by Victor Hedman.
19:20 of 3rd period - Shot Misses the Net.
19:22 of 3rd period - Wrist shot by Sam Reinhart.
19:22 of 3rd period - Stopped by Braden Holtby without a rebound.
19:23 of 3rd period - David Krejci wins face-off versus Teddy Blueger in Lightning zone.
19:42 of 3rd period - Slapshot by Sam Reinhart.
19:42 of 3rd period - Shot Misses the Net.
19:44 of 3rd period - Snap shot by Victor Hedman.
19:44 of 3rd period - Shot Misses the Net.
19:46 of 3rd period - Wrist shot by Sam Reinhart.
19:46 of 3rd period - Stopped by Braden Holtby with a rebound.
19:48 of 3rd period - Wrist shot by Sam Reinhart.
19:48 of 3rd period - Stopped by Braden Holtby with a rebound.
19:50 of 3rd period - Wrist shot by David Krejci.
19:50 of 3rd period - Deflect By Sam Reinhart.
19:50 of 3rd period - Shot Blocked by Andrej Sekera.
19:50 of 3rd period - Puck is out of play.
19:51 of 3rd period - David Krejci wins face-off versus Teddy Blueger in Lightning zone.
Goals for this period are 2 for Lightning vs 0 for Flames.
Shots for this period are 7 for Lightning vs 16 for Flames.